 Dungeon Crawl Stone Soup version 0.26-a0-812-g31a745ddcd (webtiles) character file.

Game seed: 8616690874639424727

1792 vurker the Chiller (level 9, 0/53 HPs)
             Began as a Kobold Ice Elementalist on Nov 16, 2020.
             Slain by a wyvern (8 damage)
             ... on level 8 of the Dungeon.
             The game lasted 00:12:30 (7861 turns).

vurker the Chiller (Kobold Ice Elementalist)        Turns: 7861, Time: 00:12:30

Health: 0/53       AC:  6    Str:  6    XL:     9   Next: 30%
Magic:  3/19       EV: 15    Int: 19    God:
Gold:   80         SH:  0    Dex: 15    Spells: 9/21 levels left

rFire    . . .     SeeInvis .   x - +3 dagger (venom)
rCold    + . .     Faith    .   (shield restricted)
rNeg     . . .     Spirit   .   a - +0 robe
rPois    .         Reflect  .   p - +0 helmet
rElec    .         Harm     .   (no cloak)
rCorr    .         Rampage  .   d - +1 pair of gloves
MR       .....                  g - +0 pair of boots
Stlth    ++++......             (no amulet)
HPRegen  0.17/turn              u - ring of stealth
MPRegen  0.16/turn              t - ring of protection from cold

@: frozen ramparts, very slightly contaminated
A: small, nightstalker 3
a: no special abilities


You were on level 8 of the Dungeon.
You visited 2 branches of the dungeon, and saw 10 of its levels.

You collected 294 gold pieces.
You spent 214 gold pieces at shops.

Inventory:

Hand Weapons
 x - a +3 dagger of venom (weapon)
   (You took it off an orc wizard on level 4 of the Dungeon)
Armour
 a - a +0 robe (worn)
 b - a +0 cloak
   (You took it off Maurice on level 8 of the Dungeon)
 d - a +1 pair of gloves (worn)
   (You found it on level 1 of the Dungeon)
 g - a +0 pair of boots (worn)
   (You found it on level 1 of the Dungeon)
 p - a +0 helmet (worn)
   (You took it off Robin on level 2 of the Dungeon)
Jewellery
 s - an uncursed ring of positive energy
   (You found it on level 3 of the Dungeon)
 t - a ring of protection from cold (right hand)
   (You found it on level 3 of the Dungeon)
 u - a ring of stealth (left hand)
   (You found it on level 3 of the Dungeon)
Wands
 w - a wand of polymorph (5)
   (You found it on level 4 of the Dungeon)
Scrolls
 c - a scroll of immolation
 e - a scroll of enchant armour
 k - 2 scrolls of fog
 n - 2 scrolls of remove curse
 o - a scroll of magic mapping
 q - 5 scrolls of teleportation
Potions
 f - 2 potions of flight
 h - 2 potions of haste
 j - 2 potions of cancellation
 l - 2 potions of attraction
 m - 2 potions of curing
 C - a potion of lignification


   Skills:
 + Level 4.9 Fighting
 - Level 2.4 Dodging
 - Level 2.6 Stealth
 * Level 6.9 Spellcasting
 - Level 3.0 Conjurations
 - Level 3.0 Summonings
 * Level 7.7 Ice Magic


You had 9 spell levels left.
You knew the following spells:

 Your Spells              Type           Power        Failure   Level
a - Freeze                Ice            ####         1%          1
b - Frozen Ramparts       Ice            #####.       1%          3
c - Hailstorm             Conj/Ice       ####....     11%         4
d - Summon Ice Beast      Ice/Summ       ####....     11%         4

Your spell library contained the following spells:

 Spells                   Type           Power        Failure   Level
 Ozocubu's Armour         Ice            #####...     1%          3


Dungeon Overview and Level Annotations

Branches:
Dungeon (9/15)             Temple (1/1) D:5            Lair (0/6) D:8
    Orc: D:9-12

Altars:
Ashenzari
Cheibriados
Elyvilon
Fedhas
Gozag
Kikubaaqudgha
Makhleb
Nemelex Xobeh
Qazlal
Ru
Sif Muna
Trog
Wu Jian
Xom
Zin
Lugonu

Shops:
D:5 *

Annotations:
D:4 3 runed translucent doors, gbos's ghost, novice NaEE


Innate Abilities, Weirdness & Mutations

You are small and have problems with some larger weapons.
You are completely attuned to the shadows.


Message History

You open the door. You open the door.
Found 13 gold pieces.
There is an open door here.
A worker ant comes into view.
A worker ant is nearby!
An ogre comes into view. It is wielding a +0 giant spiked club.
The walls around you are covered in ice.
The wall freezes the worker ant.
The worker ant bites you.
The wall freezes the worker ant.
The worker ant closely misses you.
Aim: a worker ant (heavily wounded)
You freeze the worker ant!
You kill the worker ant!
You can't see any susceptible monsters within range! (Use Z to cast anyway.)
The frozen ramparts melt away.
An ogre is nearby!
An ogre is nearby!
The spell is quite dangerous to cast (12% risk of failure)!
Continue anyway?
A cannonade of hail descends around you!
The hail pelts the ogre!
The ogre shouts!
The spell is quite dangerous to cast (12% risk of failure)!
Continue anyway?
A cannonade of hail descends around you!
The hail pelts the ogre!
A wyvern comes into view.
Aim: an ogre, wielding a +0 giant spiked club (severely wounded)
You freeze the ogre.
The wyvern hisses angrily.
The ogre hits you with a +0 giant spiked club!!
Aim: an ogre, wielding a +0 giant spiked club (severely wounded)
You freeze the ogre!
You kill the ogre!
The wyvern completely misses you. The wyvern bites you!
* * * LOW HITPOINT WARNING * * *
The walls around you are covered in ice.
The wyvern bites you.
* * * LOW HITPOINT WARNING * * *
The wyvern bites you!
* * * LOW HITPOINT WARNING * * *
You miscast Summon Ice Beast.
You are very lightly contaminated with residual magic.
You are encased in ice.
You resist.
* * * LOW HITPOINT WARNING * * *
The wall freezes the wyvern.
The wyvern completely misses you.
The wall freezes the wyvern.
The wyvern barely misses you.
Okay, then.
You feel better.
The wall freezes the wyvern.
The wyvern closely misses you.
You don't have enough magic to cast that spell.
The wall freezes the wyvern. x2; The wyvern bites you!
You die...

###.##..(.PPPP.
#.###....P.PP #.#
##......P ##)## ##...P..
#. ##)..## ###.... ##..
##.....## ###.# ....##
##.......## ##.#
##...####.........####)..
....$..l@.........'......
#..)...##.........####...
#.......##.......## )...
#......####.....## .###
#####.## ##...## # #.#
##'## ### #.# #≈... #.#
#≈# #≈### ##.###≈###≈#


You could see a wyvern.

Vanquished Creatures
  Maurice (D:8)
  A water moccasin (D:6)
  3 ogres
  Blork the orc (D:5)
  3 bullfrogs (D:6)
  A water moccasin zombie (D:5)
  2 scorpions
  2 wights (D:6)
  A jelly (D:6)
  2 hounds
  3 orc priests
  A bullfrog skeleton (D:4)
  5 orc wizards
  An iguana (D:4)
  A worker ant (D:8)
  Natasha (D:2)
  Robin (D:2)
  5 adders
  A white imp (D:5)
  2 ufetubi (D:5)
  2 worms
  3 leopard geckos
  16 orcs
  A ball python (D:5)
  4 giant cockroaches
  11 goblins
  7 hobgoblins
  3 jackals
  4 kobolds
  3 quokkas
  7 bats
  4 frilled lizards
  A quokka skeleton (D:5)
  13 rats
117 creatures vanquished.

Vanquished Creatures (collateral kills)
  2 wights
2 creatures vanquished.

Vanquished Creatures (others)
  2 plants (D:4)
2 creatures vanquished.

Grand Total: 121 creatures vanquished

Notes
Turn   | Place    | Note
-------+----------+-------------------------------------------
     0 | D:1      | vurker the Kobold Ice Elementalist began the quest for the
                  | Orb.
     0 | D:1      | Reached XP level 1. HP: 10/10 MP: 3/3
   316 | D:1      | Reached XP level 2. HP: 13/16 MP: 3/5
   884 | D:1      | Reached XP level 3. HP: 20/20 MP: 1/7
   946 | D:1      | Learned a level 3 spell: Frozen Ramparts
  1035 | D:1      | Reached skill level 1 in Fighting
  1261 | D:2      | Found an ancient bone altar of Kikubaaqudgha.
  1430 | D:2      | Noticed Robin
  1561 | D:2      | Found a white marble altar of Elyvilon.
  1571 | D:2      | Reached XP level 4. HP: 25/25 MP: 3/8
  1581 | D:2      | Killed Robin
  2127 | D:2      | Noticed Natasha
  2133 | D:2      | Killed Natasha
  2133 | D:2      | Reached XP level 5. HP: 16/30 MP: 3/10
  2646 | D:3      | Found a shimmering blue altar of Sif Muna.
  2846 | D:3      | Reached skill level 5 in Ice Magic
  2908 | D:3      | Found a glowing silver altar of Zin.
  2918 | D:3      | Found a shimmering altar of Xom.
  2918 | D:3      | Noticed an angel
  3090 | D:3      | Found a burning altar of Makhleb.
  3286 | D:4      | Learned a level 4 spell: Hailstorm
  3406 | D:4      | Noticed a phantom
  3612 | D:4      | Found a runed translucent gate.
  3613 | D:4      | Found a runed translucent gate.
  3614 | D:4      | Found a runed translucent gate.
  3614 | D:4      | Identified the cursed +1 dagger of Wyrd {elec, +Fly Str+3
                  | Dex-2}
  3614 | D:4      | Identified the cursed +0 scale mail of Egalitarianism
                  | {Rampage rPois rN++ rCorr Str+3}
  3614 | D:4      | Noticed gbos's ghost (novice NaEE)
  3650 | D:4      | Reached XP level 6. HP: 21/35 MP: 5/12
  3785 | D:4      | Learned a level 4 spell: Summon Ice Beast
  3804 | D:4      | Reached skill level 1 in Conjurations
  3809 | D:4      | Reached skill level 1 in Summonings
  4139 | D:4      | Noticed an ogre
  4165 | D:4      | Killed an ogre
  4165 | D:4      | Reached XP level 7. HP: 40/40 MP: 7/13
  4717 | D:5      | Entered Level 5 of the Dungeon
  4802 | D:5      | Found a staircase to the Ecumenical Temple.
  4805 | D:5      | Noticed Blork the orc
  4823 | D:5      | Killed Blork the orc
  5035 | Temple   | Entered the Ecumenical Temple
  5445 | D:5      | Reached skill level 5 in Spellcasting
  5445 | D:5      | Reached skill level 6 in Ice Magic
  5445 | D:5      | Reached XP level 8. HP: 22/46 MP: 8/15
  5667 | D:5      | Found Wogalual's Assorted Antiques.
  5672 | D:5      | Bought a scroll labelled SOHUYWAUPI for 22 gold pieces
  5672 | D:5      | Bought a scroll labelled NUDA NE VELUKH for 22 gold pieces
  5672 | D:5      | Bought a scroll labelled POSCHUEKHEROTE for 22 gold pieces
  5672 | D:5      | Bought a scroll labelled SUNUOJ GAYS for 22 gold pieces
  5672 | D:5      | Bought a scroll labelled ZUPUXZ TIEMUQ for 22 gold pieces
  5672 | D:5      | Bought a scroll labelled HYGHA VUUMASM for 22 gold pieces
  5672 | D:5      | Bought a scroll labelled POSCHUEKHEROTE for 22 gold pieces
  5672 | D:5      | Bought a scroll labelled LAEVEUMYNE for 22 gold pieces
  5672 | D:5      | Bought a silvery potion for 19 gold pieces
  5672 | D:5      | Bought a purple potion for 19 gold pieces
  7427 | D:6      | You fall into a shaft and drop 3 floors!
  7438 | D:8      | Noticed Maurice
  7449 | D:8      | Killed Maurice
  7449 | D:8      | Reached skill level 7 in Ice Magic
  7449 | D:8      | Reached XP level 9. HP: 12/52 MP: 5/19
  7715 | D:8      | Found a staircase to the Lair.
  7718 | D:8      | Noticed a komodo dragon
  7859 | D:8      | HP: 2/53 [something (2)]
  7861 | D:8      | Slain by a wyvern

Illustrated notes

Levels and vault maps discovered:
D:1:      dpeg_arrival_stonehenge_8_columns, layout_loops_ring
D:2:      layout_loops_ring, lemuel_doored_altar, elyvilon_altar_5,
          uniq_natasha, uniq_robin
D:3:      layout_rooms, grunt_temple_overflow_order_and_chaos_1,
          lemuel_coloured_pillars_altar, lemuel_blue_sif_altar, minmay_quantized
D:4:      layout_cave_pods, serial_park, serial_park_gazebo
          [serial_park_minivault_5x5_5], biasface_ghost_orc_armoury
D:5:      layout_loops_ring, minmay_temple_entry_trees, serial_shops, shop,
          uniq_blork_the_orc
D:6:      layout_gridville, marbit_many_paths, uniq_duvessa
D:7:      minmay_s_stair_smasher, layout_rooms, gammafunk_temple_overflow_arena,
          uniq_maggie
D:8:      layout_loops_corners, kennysheep_mini_moat,
          nicolae_overflow_crystal_walls, david_lair_shrubbed, serial_shops,
          shop, nicolae_shop_window_shopping, shop, uniq_pikel, uniq_erica,
          uniq_maurice
D:9:      layout_loops_ring, eat_drink_and_be_merry_uskayaw,
          kennysheep_little_box, nicolae_overflow_hidden_temple,
          hiddenorc1_lemuel, basic_altar
Temple:   corrupted_temple

Skill      XL: |  1  2  3  4  5  6  7  8 |
---------------+-------------------------+-----
Fighting       | 1 2 3 4 |  4.9
Spellcasting   | 3 4 5 6 |  6.9
Ice Magic      | 5 6 7 |  7.7
Conjurations   | 2 3 |  3.0
Summonings     | 1 2 3 |  3.0
Dodging        | |  2.4
Stealth        | |  2.6

Action                   |  1- 3 |  4- 6 |  7- 9 || total
-------------------------+-------+-------+-------++-------
Melee: Unarmed           |     3 |       |       ||     3
       Short sword       |    14 |    15 |       ||    29
       Dagger            |       |       |    80 ||    80
 Cast: Freeze            |    43 |    44 |    40 ||   127
       Frozen Ramparts   |     2 |    13 |    17 ||    32
       Summon Ice Beast  |       |       |     7 ||     7
       Hailstorm         |       |       |     3 ||     3
  Use: Scroll            |       |       |    19 ||    19
       Potion            |       |       |     3 ||     3
 Stab: Sleeping          |     7 |     3 |     4 ||    14
       Distracted        |       |       |     1 ||     1
Armor: Robe              |     8 |     8 |    22 ||    38
Dodge: Dodged            |    38 |    30 |    77 ||   145

Table legend: (Time is in decaauts)
 A = Elapsed time spent in this place.
 B = Non-inter-level travel time spent in this place.
 C = Inter-level travel time spent in this place.
 D = Time resting spent in this place.
 E = Time spent auto-exploring this place.
 F = Levels seen in this place.
 G = Mean time per level.
                   A        B        C        D        E       F      G
               +--------+--------+--------+--------+--------+-----+--------+
         Total |   7862 |   7680 |    182 |    165 |   6492 |  10 |  786.2 |
       Dungeon |   7816 |   7646 |    170 |    165 |   6460 |   9 |  868.4 |
        Temple |     45 |     33 |     12 |      0 |     32 |   1 |   45.0 |
               +--------+--------+--------+--------+--------+-----+--------+

Top non-repeatable levels by time:
     D:5: 1530 daAuts
     D:4: 1477 daAuts
     D:1: 1301 daAuts
     D:6: 1134 daAuts
     D:2: 1120 daAuts
     D:3: 818 daAuts
     D:8: 411 daAuts
  Temple: 45 daAuts
     D:7: 11 daAuts
     D:9: 10 daAuts
